 Dungeon Crawl Stone Soup version 0.18.1-48-g4cf74bf (webtiles) character file.

10024 kobby the Covert (level 11, -1/53 HPs)
             Began as a Vine Stalker Assassin on July 5, 2016.
             Was a High Priest of Makhleb.
             Succumbed to an orange demon's poison
             ... on level 2 of the Lair of Beasts.
             The game lasted 00:53:05 (8614 turns).

kobby the Covert (Vine Stalker Assassin)            Turns: 8614, Time: 00:53:06

Health: -1/53      AC: 11    Str: 14    XL:     11   Next: 55%
Magic:  1/19       EV: 17    Int: 11    God:    Makhleb [*****.]
Gold:   447        SH:  6    Dex: 21    Spells: 3 memorised, 13 levels left

rFire  + . .     SeeInvis .     z - +1 rapier (drain)
rCold  . . .     Gourm    .     l - +3 leather armour {rF+}
rNeg   . . .     Faith    .     x - +0 buckler
rPois  .         Spirit   +     h - +1 helmet
rElec  .         Dismiss  .     d - +0 cloak
rCorr  .         Reflect  .     o - +1 pair of gloves
SustAt .         Harm     .     (no boots)
MR     ++...                    (no amulet)
Stlth  ++++++....               C - +2 ring of dexterity
                                j - ring of protection from magic

@: lethally poisoned (-1 -> -27), very resistant to hostile enchantments, very
stealthy
A: fangs 3, regeneration 2, magic shield, antimagic bite, no device heal 3, rot
immunity
a: Minor Destruction, Lesser Servant of Makhleb, Major Destruction, Greater
Servant of Makhleb, Renounce Religion


You were on level 2 of the Lair of Beasts.
You worshipped Makhleb.
Makhleb was extremely pleased with you.
You were not hungry.

You visited 2 branches of the dungeon, and saw 12 of its levels.

You collected 447 gold pieces.

Inventory:

Hand Weapons
 a - a +4 dagger
 b - a +0 blowgun
 q - a +0 rapier
 s - the +1 quick blade of Acykim {drain, *Confuse +Fly rPois}
   (You acquired it on level 9 of the Dungeon)

   A truly terrible weapon, it drains the life of those it strikes.
   It protects you from poison.
   It lets you fly.
   It may confuse you when you take damage.
 z - a +1 rapier of draining (weapon)
 L - the +11 morningstar "Eos" {elec, -Tele rElec SInv}
   (You found it on level 1 of the Lair of Beasts)

   Occasionally, upon striking a foe, it will discharge some electrical energy
   and cause terrible harm.
   It insulates you from electricity.
   It lets you see invisible.
   It prevents most forms of teleportation.
Missiles
 e - 19 poisoned needles
 f - 10 curare-tipped needles
Armour
 c - a +0 robe
 d - a +0 cloak (worn)
 h - a +1 helmet (worn)
 l - a +3 leather armour of fire resistance (worn)
 o - a +1 pair of gloves (worn)
 x - a +0 buckler (worn)
Jewellery
 j - a ring of protection from magic (left hand)
 m - a cursed ring of loudness
 C - a +2 ring of dexterity (right hand)
Wands
 y - a wand of iceblast (0/15)
 B - a wand of polymorph (6/24)
 H - a wand of slowing (11/48)
 K - a wand of lightning (2/15)
 M - a wand of flame (29/48)
 R - a wand of heal wounds (5/9)
Scrolls
 i - 5 scrolls of remove curse
 n - 2 scrolls of fear
 p - a scroll of amnesia
 w - a scroll of fog
 A - 2 scrolls of teleportation
 F - 5 scrolls of identify
Potions
 g - 2 potions of curing
 r - a potion of resistance
 t - a potion of ambrosia {unknown}
 v - a potion of cure mutation {unknown}
 J - a potion of heal wounds {unknown}
 N - 4 potions of lignification
Books
 k - a book of Battle

   Spells                             Type                      Level
   a - Infusion                       Charms                       1
   b - Shroud of Golubria             Charms/Translocation         2
   c - Song of Slaying                Charms                       2
   d - Spectral Weapon                Hexes/Charms                 3
   e - Regeneration                   Charms/Necromancy            3
 G - a book of Ice

   Spells                             Type                      Level
   a - Ice Form                       Ice/Transmutation            4
   b - Metabolic Englaciation         Hexes/Ice                    5
   c - Ozocubu's Refrigeration        Ice                          6
   d - Bolt of Cold                   Conjuration/Ice              6
   e - Freezing Cloud                 Conjuration/Ice/Air          6
   f - Simulacrum                     Ice/Necromancy               6
 I - a book of Frost

   Spells                             Type                      Level
   a - Freeze                         Ice                          1
   b - Throw Frost                    Conjuration/Ice              2
   c - Ozocubu's Armour               Charms/Ice                   3
   d - Throw Icicle                   Conjuration/Ice              4
   e - Summon Ice Beast               Ice/Summoning                4
 O - an Akashic Record

   Spells                             Type                      Level
   a - Dispersal                      Translocation                6
   b - Malign Gateway                 Summoning/Translocation      7
   c - Disjunction                    Translocation                8
   d - Controlled Blink               Translocation                8
 P - a book of the Sky

   Spells                             Type                      Level
   a - Summon Lightning Spire         Summoning/Air                4
   b - Airstrike                      Air                          4
   c - Silence                        Hexes/Air                    5
   d - Deflect Missiles               Charms/Air                   6
   e - Conjure Ball Lightning         Conjuration/Air              6
   f - Tornado                        Air                          9
Comestibles
 u - 2 beef jerkies
 D - 8 slices of pizza
 E - 3 bread rations
 Q - a meat ration
 S - 2 fruits


   Skills:
 + Level 4.2 Fighting
 * Level 5.7 Short Blades
 - Level 2.0 Throwing
 + Level 3.3 Armour
 + Level 6.0 Dodging
 * Level 14.0 Stealth
 + Level 4.1 Shields
 - Level 3.1 Unarmed Combat
 + Level 4.8 Spellcasting
 + Level 3.9 Charms
 + Level 1.4 Necromancy
 + Level 1.0 Translocations
 + Level 0.4 Invocations
 + Level 0.1 Evocations


You had 13 spell levels left.
You knew the following spells:

 Your Spells              Type           Power        Failure   Level  Hunger
a - Infusion              Chrm           ##..         6%          1    None
b - Shroud of Golubria    Chrm/Tloc      #.........   17%         2    ##.....
c - Regeneration          Chrm/Necr      #.........   30%         3    ###....


Dungeon Overview and Level Annotations

Branches:
Dungeon (10/15)            Temple (0/1) D:5            Lair (2/8) D:10
    Orc: D:9-12

Altars:
Fedhas
Kikubaaqudgha
Makhleb
Sif Muna
The Shining One

Shops:
D:10 :

Annotations:
D:3 kobby's ghost, amateur HuAK
D:4 junkhipster's ghost, amateur GrFi
D:7 Kite's ghost, novice MiBe


Innate Abilities, Weirdness & Mutations

You have razor-sharp teeth.
You heal very quickly.
When hurt, damage is shared between your health and your magic reserves.
Your bite disrupts and absorbs the magic of your enemies.
Potions and wands cannot restore your health.
You are immune to rotting.


Message History

The komodo dragon closely misses you.
The komodo dragon seems less drained.
A demon appears!
It doesn't seem very happy.
You feel slightly more hungry. The orange demon stings you!
* * * LOW HITPOINT WARNING * * *
You are lethally poisoned!
The orange demon poisons you! The orange demon completely misses you.
* * * LOW HITPOINT WARNING * * *
You feel very sick. The orange demon stings you!
* * * LOW HITPOINT WARNING * * *
You are more poisoned.
The orange demon poisons you! You block the orange demon's attack.
Read which item? (? for menu, Esc to quit)
As you read the scroll of fear, it crumbles to dust.
You assume a fearsome visage.
The komodo dragon looks frightened!
The orange demon is unaffected.
You die...

..........≈ ##.....≈...≈≈
#.........≈..... #.....≈.<..≈
#.......≈§§..... ##..........
P......≈≈§≈≈.§..# ##.........
....≈≈≈≈≈§§≈..§.# ##........
P.≈≈≈≈≈§≈§§§≈...# ###.........
#≈≈≈≈≈≈§≈§§§≈≈..# ##...........
≈≈≈≈≈≈≈≈≈§§§§≈≈.###............
..≈≈≈≈≈≈≈≈§≈§.≈≈@l.#...........
......≈≈≈§§§§≈≈≈.4.#...........
..........≈≈≈≈.................
...............................
P........≈.........#...........
......................#........
...................##.##.......
.............(.....# ..
..............#......


You could see an orange demon and a komodo dragon (fleeing).

Vanquished Creatures
  2 spiny frogs (Lair:1)
  2 komodo dragons (Lair:1)
  Grinder (D:5)
  6 yaks (Lair:1)
  5 humans
  2 wyverns
  2 hippogriffs
  2 hogs (D:9)
  Edmund (D:5)
  5 water moccasins
  3 porcupines
  3 orc warriors
  2 ice beasts (D:8)
  A phantom (D:8)
  2 sky beasts
  4 ogres
  5 wolves (Lair:1)
  5 centaurs
  A crocodile (Lair:2)
  A big kobold (D:9)
  7 giant frogs
  4 scorpions
  5 wights
  An electric eel (Lair:1)
  A howler monkey (D:10)
  A lava snake (Lair:1)
  2 crimson imps
  A wasp zombie (D:8)
  A jelly (D:9)
  A centaur zombie (D:8)
  A giant frog zombie (D:8)
  6 hounds
  3 orc priests
  2 giant frog skeletons
  6 orc wizards
  2 centaur skeletons
  Jessica (D:7)
  3 iguanas
  Ijyb (D:7)
  7 worker ants
  6 sheep
  A hound zombie (D:9)
  2 hound skeletons (D:9)
  9 adders
  9 river rats (Lair:1)
  A shadow imp (D:8)
  2 oozes (D:1)
  2 adder zombies (D:8)
  An adder skeleton (D:9)
  A worm (D:3)
  4 dart slugs
  9 giant geckos
  27 orcs
  5 ball pythons
  7 bats
  4 giant cockroaches
  6 goblins
  A hobgoblin (D:1)
  12 jackals
  5 quokkas
  A giant cockroach zombie (D:5)
  3 giant newts
  9 kobolds
  A quokka skeleton (D:8)
  3 rats
242 creatures vanquished.

Vanquished Creatures (collateral kills)
  An unseen horror (D:10)
  A hill giant (D:10)
  An orc warrior (D:10)
  An ogre (D:10)
  A giant frog (D:10)
  2 orc priests (D:10)
  An orc (D:10)
8 creatures vanquished.

Vanquished Creatures (others)
  A toadstool (D:9)
1 creature vanquished.

Grand Total: 251 creatures vanquished

Notes
Turn   | Place    | Note
--------------------------------------------------------------
     0 | D:1      | kobby the Vine Stalker Assassin began the quest for the Orb.
     0 | D:1      | Reached XP level 1. HP: 11/11 MP: 2/2
   157 | D:1      | Reached skill level 5 in Stealth
   223 | D:1      | Reached XP level 2. HP: 10/15 MP: 0/3
   336 | D:1      | Reached skill level 1 in Dodging
   465 | D:1      | Reached XP level 3. HP: 12/18 MP: 4/4
  1087 | D:2      | Reached skill level 6 in Stealth
  1272 | D:2      | Found a glowing golden altar of the Shining One.
  1298 | D:2      | Reached XP level 4. HP: 20/23 MP: 5/5
  1452 | D:3      | Noticed kobby's ghost (amateur HuAK)
  1586 | D:3      | Noticed an ice beast
  2046 | D:2      | Found a deep blue altar of Sif Muna.
  2374 | D:3      | Reached XP level 5. HP: 24/26 MP: 6/6
  2395 | D:3      | Reached skill level 7 in Stealth
  2441 | D:4      | Gained mutation: You heal very quickly. [Vine Stalker growth]
  2441 | D:4      | Reached XP level 6. HP: 15/30 MP: 7/7
  2521 | D:4      | Found a blossoming altar of Fedhas.
  2521 | D:4      | Noticed junkhipster's ghost (amateur GrFi)
  2642 | D:5      | Entered Level 5 of the Dungeon
  2707 | D:5      | Noticed Edmund
  2789 | D:5      | Killed Edmund
  2849 | D:5      | You fall through a shaft!
  2932 | D:6      | Noticed a sky beast
  3015 | D:6      | Reached XP level 7. HP: 35/35 MP: 6/8
  3061 | D:6      | Reached skill level 1 in Armour
  3115 | D:5      | Found a burning altar of Makhleb.
  3128 | D:5      | Became a worshipper of Makhleb the Destroyer
  3220 | D:5      | Learned a level 1 spell: Infusion
  3489 | D:6      | Reached skill level 8 in Stealth
  3590 | D:6      | Reached skill level 1 in Spellcasting
  3590 | D:6      | Reached skill level 1 in Charms
  3725 | D:6      | Reached skill level 9 in Stealth
  3751 | D:6      | Gained mutation: You have razor-sharp teeth. [Vine Stalker growth]
  3751 | D:6      | Reached XP level 8. HP: 31/39 MP: 9/11
  4169 | D:6      | Reached * piety under Makhleb
  4229 | D:5      | Noticed Grinder
  4250 | D:5      | Killed Grinder
  4250 | D:5      | Reached skill level 10 in Stealth
  4260 | D:5      | Found a staircase to the Ecumenical Temple.
  4608 | D:7      | Noticed Kite's ghost (novice MiBe)
  4825 | D:7      | Noticed Jessica
  4829 | D:7      | Killed Jessica
  4830 | D:7      | Noticed Ijyb
  4847 | D:7      | Reached skill level 11 in Stealth
  4847 | D:7      | Reached XP level 9. HP: 43/43 MP: 12/15
  4906 | D:7      | Reached ** piety under Makhleb
  4911 | D:7      | Killed Ijyb
  4915 | D:7      | Reached skill level 12 in Stealth
  5009 | D:7      | Reached skill level 1 in Unarmed Combat
  5268 | D:8      | Reached skill level 1 in Shields
  5430 | D:8      | Found an ancient bone altar of Kikubaaqudgha.
  5627 | D:8      | Reached *** piety under Makhleb
  5680 | D:8      | Reached XP level 10. HP: 39/49 MP: 17/17
  5690 | D:8      | Learned a level 2 spell: Shroud of Golubria
  6021 | D:9      | Identified a scroll of acquirement
  6024 | D:9      | Got a pitted quick blade
  6025 | D:9      | Identified the +1 quick blade of Acykim {drain, *Confuse +Fly rPois} (You acquired it on level 9 of the Dungeon)
  6280 | D:9      | Reached **** piety under Makhleb
  6477 | D:9      | Reached skill level 13 in Stealth
  6792 | D:10     | Entered Level 10 of the Dungeon
  6853 | D:10     | Noticed Sonja
  6872 | D:10     | Noticed Sonja
  6872 | D:10     | Sonja changed into Sonja the wyvern
  6880 | D:10     | Killed Sonja the wyvern
  7115 | D:10     | Learned a level 3 spell: Regeneration
  7214 | D:10     | Found Berch's Book Boutique.
  7255 | D:10     | Killed an unseen horror
  7255 | D:10     | Reached skill level 5 in Dodging
  7349 | D:10     | Noticed a hill giant
  7355 | D:10     | Killed a hill giant
  7422 | D:10     | Reached skill level 1 in Translocations
  7467 | D:10     | Reached skill level 1 in Necromancy
  7467 | D:10     | Reached XP level 11. HP: 53/53 MP: 17/19
  7484 | D:10     | Found a staircase to the Lair.
  7579 | Lair:1   | Entered Level 1 of the Lair of Beasts
  7925 | Lair:1   | Reached skill level 5 in Short Blades
  8197 | Lair:1   | Reached ***** piety under Makhleb
  8493 | Lair:2   | Reached skill level 14 in Stealth
  8613 | Lair:2   | HP: 1/53 [orange demon[the player character] (5)]
  8614 | Lair:2   | Succumbed to an orange demon's poison

Skill      XL: |  1  2  3  4  5  6  7  8  9 10 11 |
---------------+----------------------------------+-----
Stealth        | 5 6 7 9 11 12 13 14 | 14.0
Throwing       | 2 |  2.0
Dodging        | 1 2 3 4 5 6 |  6.0
Fighting       | 2 3 4 |  4.2
Short Blades   | 2 3 4 5 |  5.7
Armour         | 1 2 3 |  3.3
Spellcasting   | 1 3 4 |  4.8
Charms         | 1 3 |  3.9
Unarmed Combat | 3 |  3.1
Shields        | 1 3 4 |  4.1
Translocations | 1 |  1.0
Necromancy     | 1 |  1.4
Invocations    | |  0.4
Evocations     | |  0.1

Action                   |  1- 3 |  4- 6 |  7- 9 | 10-12 || total
-------------------------+-------+-------+-------+-------++-------
Melee: Dagger            |    97 |   193 |    77 |       ||   367
       Bite              |    21 |    51 |   178 |   171 ||   421
       Rapier            |       |       |   366 |   433 ||   799
 Cast: Infusion          |       |       |    17 |       ||    17
       Shroud of Golubri |       |       |       |     4 ||     4
       Regeneration      |       |       |       |     7 ||     7
Invok: Minor Destruction |       |       |     1 |       ||     1
       Lesser Servant of |       |       |       |     3 ||     3
Evoke: Wand              |       |       |     3 |     2 ||     5
  Use: Scroll            |     5 |     5 |     3 |     7 ||    20
       Potion            |     1 |     4 |       |     1 ||     6
 Stab: Sleeping          |     8 |     3 |    15 |    22 ||    48
       Distracted        |       |       |     1 |     2 ||     3
  Eat: Bread ration      |     1 |     1 |     1 |     1 ||     4
       Meat ration       |       |       |     1 |     1 ||     2
       Beef jerky        |       |       |       |     1 ||     1
Armor: Robe              |    26 |    51 |       |       ||    77
       Skin              |       |    67 |     2 |       ||    69
       Leather armour    |       |     6 |   145 |   111 ||   262
Dodge: Dodged            |    63 |   139 |   244 |   309 ||   755
Block: Buckler           |       |       |    50 |   133 ||   183
